 Dungeon Crawl Stone Soup version 0.31-a0-344-gd109795599 (webtiles) character file.

Game seed: 2625030049622657760

1383 shakesphere1979 the Sneak (level 8, -10/57 HPs)
             Began as a Vampire Summoner on July 21, 2023.
             Was an Initiate of Hepliaklqana.
             Mangled by Prince Ribbit (16 damage)
             ... on level 7 of the Dungeon on July 22, 2023.
             The game lasted 00:46:38 (6183 turns).

shakesphere1979 the Sneak (Vampire Summoner)        Turns: 6183, Time: 00:46:40

Health: -10/57     AC:  4    Str:  7    XL:     8   Next: 40%
Magic:  8/16       EV: 14    Int: 20    God:    Hepliaklqana [......]
Gold:   272        SH:  0    Dex: 14    Spells: 8/17 levels left

rFire   . . .        c - +4 lajatang (elec)
rCold   . . .        (shield currently unavailable)
rNeg    + . .        a - +0 robe
rPois   .            d - +0 helmet
rElec   .            (no cloak)
rCorr   .            j - +0 pair of gloves
SInv    +            (no boots)
Will    .....        (no amulet)
Stlth   +++          f - ring of positive energy
HPRegen 0.49/turn    (no ring)
MPRegen 0.15/turn

%: no passive effects
@: healing quickly
A: alive, fangs 3, see invisible, vampiric 2
a: Exsanguinate, Renounce Religion


You were on level 7 of the Dungeon.
You worshipped Hepliaklqana.
Hepliaklqana was noncommittal.
You visited 2 branches of the dungeon, and saw 8 of its levels.

You collected 272 gold pieces.

Inventory:

Hand Weapons
 c - a +4 lajatang of electrocution (weapon)
Missiles
 i - 6 boomerangs
 n - a throwing net
Armour
 a - a +0 robe (worn)
 d - a +0 helmet (worn)
 j - a +0 pair of gloves (worn)
 k - an orb of wrath
Jewellery
 f - a ring of positive energy (left hand)
Wands
 t - a wand of quicksilver (5)
Scrolls
 m - a scroll of vulnerability
 p - a scroll of teleportation
 s - 2 scrolls of identify
 u - a scroll of fog {unknown}
 v - a scroll of blinking
 w - a scroll of enchant weapon {unknown}
 y - a scroll of acquirement
Potions
 b - 2 potions of magic
 e - 2 potions of curing {unknown}
 g - a potion of heal wounds {unknown}
 h - a potion of mutation {unknown}
 l - a potion of cancellation {unknown}
 o - a potion of attraction
 q - a potion of resistance {unknown}
 r - a potion of might {unknown}
 x - a potion of haste {unknown}
 z - a potion of berserk rage {unknown}
 A - a potion of lignification


   Skills:
 + Level 2.6 Fighting
 - Level 5.0 Dodging
 - Level 7.0 Stealth
 + Level 5.4 Spellcasting
 + Level 6.9 Summonings


You had 8 spell levels left.
You knew the following spells:

 Your Spells              Type           Power      Damage    Failure   Level
a - Summon Small Mammal   Summ           100%       N/A       1%          1
b - Call Imp              Summ           66%        N/A       1%          2
c - Call Canine Familiar  Summ           33%        N/A       1%          3
d - Summon Guardian Gole  Hex/Summ       19%        N/A       9%          3

Your spell library contained the following spells:

 Spells                   Type           Power      Damage    Failure   Level
 Static Discharge         Conj/Air       10%        2-3/arc   17%         2
 Summon Lightning Spire   Summ/Air       19%        N/A       26%         4
 Gell's Gravitas          Tloc           5%         N/A       32%         3
 Teleport Other           Tloc           5%         N/A       32%         3
 Airstrike                Air            2%         2d(1-17)  73%         4
 Dispersal                Tloc           2%         N/A       100%        6


Dungeon Overview and Level Annotations

Branches:
Dungeon (7/15)             Temple (1/1) D:5

Altars:
Ashenzari
Cheibriados
Dithmenos
Gozag
Hepliaklqana
Kikubaaqudgha
Makhleb
Nemelex Xobeh
Okawaru
Qazlal
Ru
Sif Muna
Trog
Uskayaw
Vehumet
Wu Jian
Xom
Yredelemnul

Annotations:
D:2 Natasha
D:4 2 transporters, Pokonic1's ghost, amateur GrMo
D:7 Prince Ribbit


Innate Abilities, Weirdness & Mutations

Your natural rate of healing is accelerated.
You have razor-sharp teeth.
You have supernaturally acute eyesight. (SInv)
You are afflicted with vampirism and can become a bat while bloodless.


Message History

You climb downwards.
A sourceless malevolence fills the Dungeon... and a teleportation trap spontaneously manifests!
You are yanked towards a nearby monster!
Your surroundings suddenly seem different.
Prince Ribbit comes into view.
Press: ? - help, v - describe, . - travel
Here: Prince Ribbit (asleep)
The floor.
Press: ? - help, v - describe, . - travel
Here: Prince Ribbit (asleep)
The floor.
You can't go down here!
You can't go up here!
Cast which spell? (? or * to list) Prince Ribbit gives a loud, deep croak!
Prince Ribbit hits you!
Casting: Call Canine Familiar (safe; 1% risk of failure)
Confirm with . or Enter, or press ? or * to list all spells.
A guardian golem appears, shielding your allies.
Prince Ribbit closely misses you. Prince Ribbit hits you!
Casting: Summon Guardian Golem (dangerous; 9% risk of failure)
Confirm with . or Enter, or press ? or * to list all spells.
A tiny devil pulls itself out of the air.
Prince Ribbit hits you.
Your hound bites Prince Ribbit.
You are too injured to fight recklessly!
You miss Prince Ribbit.
Prince Ribbit is lightly wounded.
Prince Ribbit hits you but does no damage.
Your hound closely misses Prince Ribbit.
Prince Ribbit hits you.
Your cerulean imp closely misses Prince Ribbit.
Your hound closely misses Prince Ribbit.
You closely miss Prince Ribbit. Your bite misses Prince Ribbit.
Prince Ribbit is lightly wounded.
Prince Ribbit hits you!
* * * LOW HITPOINT WARNING * * *
Your hound misses Prince Ribbit.
Your cerulean imp barely misses Prince Ribbit.
Prince Ribbit hits you!
You die...

###.#### .......#
#........... .......#
#........... [..!....
#..........# ........
#........... ........#
#........... ........###
#...9....... <.........
#..Fh....... .....o..#
#...@....... z.......#
#..5........
........#...#####.#.....
.z...z..#.......#.. #...
...<...............# ..
...................# #
#[..................
####.......?.........
..##.........


You could see Prince Ribbit (ally target), a friendly guardian golem (summoned),
a friendly hound (summoned, sheltered) and a friendly cerulean imp (summoned,
sheltered).

Vanquished Creatures
  Duvessa (D:5)
  A bullfrog (D:6)
  A scorpion (D:5)
  3 wights (D:6)
  4 hounds
  A jelly (D:5)
  An orc priest (D:5)
  Ijyb (D:4)
  Natasha (D:2)
  2 iguanas
  3 orc wizards
  Robin (D:4)
  4 adders
  A gnoll (D:4)
  A shadow imp (D:5)
  A white imp (D:6)
  2 ufetubi
  2 worms
  A dart slug (D:5)
  2 orcs (D:4)
  4 ball pythons
  3 endoplasms
  5 giant cockroaches
  12 goblins
  3 hobgoblins
  4 jackals
  4 bats
  3 frilled lizards
  A kobold (D:4)
  A rat (D:3)
74 creatures vanquished.

Vanquished Creatures (collateral kills)
  Grinder (D:3)
  Dowan (D:5)
  A wight (D:6)
  An orc priest (D:5)
  2 iguanas (D:5)
  3 gnolls (D:4)
  6 adders
  An ufetubus (D:5)
  A worm (D:2)
  2 dart slugs (D:1)
  3 orcs
  A ball python (D:2)
  2 endoplasms
  2 hobgoblins
  4 jackals
  2 quokkas (D:1)
  3 bats
  A frilled lizard (D:2)
  A goblin (D:3)
  2 kobolds
  A rat (D:2)
41 creatures vanquished.

Grand Total: 115 creatures vanquished

Notes
Turn   | Place    | Note
-------+----------+-------------------------------------------
     0 | D:1      | shakesphere1979 the Vampire Summoner began the quest for
                  | the Orb.
     0 | D:1      | Reached XP level 1. HP: 13/13 MP: 3/3
     0 | D:1      | Upgraded the game from 0.31-a0-339-gda1cbd555d to
                  | 0.31-a0-344-gd109795599
   411 | D:1      | Reached XP level 2. HP: 18/19 MP: 1/5
   419 | D:1      | Learned a level 2 spell: Call Imp
   985 | D:2      | Gained mutation: You are afflicted with vampirism and can
                  | become a bat while bloodless. [Vampire growth]
   985 | D:2      | Reached XP level 3. HP: 10/24 MP: 3/6
  1225 | D:2      | Reached skill level 4 in Stealth
  1390 | D:2      | Noticed Natasha
  1404 | D:2      | HP: 1/24 [Natasha/magic dart (5)]
  1413 | D:2      | Killed Natasha
  1414 | D:2      | Reached XP level 4. HP: 13/30 MP: 5/7
  1482 | D:2      | Learned a level 3 spell: Call Canine Familiar
  1624 | D:2      | Noticed Natasha
  1751 | D:2      | Identified a scroll of acquirement
  1751 | D:2      | Acquired a +4 lajatang of electrocution
  1996 | D:3      | Noticed Grinder
  2004 | D:3      | Killed Grinder
  2005 | D:3      | Reached skill level 5 in Stealth
  2005 | D:3      | Reached skill level 5 in Summonings
  2005 | D:3      | Reached XP level 5. HP: 35/35 MP: 3/10
  2005 | D:3      | Reached XP level 6. HP: 41/41 MP: 3/11
  2278 | D:4      | Noticed Robin
  2297 | D:4      | Killed Robin
  2459 | D:4      | Learned a level 3 spell: Summon Guardian Golem
  2614 | D:4      | Reached skill level 6 in Stealth
  2735 | D:4      | Found a transporter.
  2763 | D:4      | Noticed Pokonic1's ghost (amateur GrMo)
  2769 | D:4      | Found a transporter.
  2958 | D:4      | Noticed Ijyb
  2967 | D:4      | Killed Ijyb
  3195 | D:4      | Reached XP level 7. HP: 45/46 MP: 2/12
  3500 | D:5      | Entered Level 5 of the Dungeon
  3592 | D:5      | Noticed Duvessa
  3593 | D:5      | Noticed Dowan
  3931 | D:5      | Reached skill level 7 in Stealth
  3941 | D:5      | Reached skill level 5 in Dodging
  4099 | D:5      | Found a staircase to the Ecumenical Temple.
  4488 | D:5      | Killed Dowan
  4491 | D:5      | Killed Duvessa
  4492 | D:5      | Reached skill level 1 in Fighting
  4492 | D:5      | Reached XP level 8. HP: 30/54 MP: 7/15
  5033 | D:6      | Reached skill level 5 in Spellcasting
  5955 | Temple   | Entered the Ecumenical Temple
  6035 | Temple   | Became a worshipper of Hepliaklqana the Forgotten
  6178 | D:7      | Noticed Prince Ribbit
  6183 | D:7      | Mangled by Prince Ribbit

Illustrated notes

Levels and vault maps discovered:
D:1:      wander_arrival_fairy_ring, layout_rooms, serial_forest,
          infiniplex_forest_straight_3, infiniplex_forest_zigzag_2,
          infiniplex_forest_lined_2, infiniplex_forest_clump_long,
          infiniplex_forest_clump_tiny, infiniplex_forest_clump_diagonal
D:2:      layout_rooms, minivault_5, kennysheep_generic_room_12, uniq_natasha
D:3:      layout_basic, uniq_grinder
D:4:      layout_loops_cross, gammafunk_ghost_mausoleum,
          uniq_crazy_yiuf_cottage, uniq_robin, uniq_ijyb
D:5:      layout_rooms, minmay_temple_entry_from_below_b, uniq_duvessa
D:6:      layout_basic
D:7:      layout_rooms, uniq_menkaure, uniq_maggie, uniq_prince_ribbit1
Temple:   compressed_dpeg_circular_temple

Skill      XL: |  1  2  3  4  5  6  7  8 |
---------------+-------------------------+-----
Stealth        | 4 5 6 7 |  7.0
Dodging        | 3 4 5 |  5.0
Spellcasting   | 3 4 5 |  5.4
Summonings     | 5 6 |  6.9
Fighting       | 1 2 |  2.6

Action                     |  1- 3 |  4- 6 |  7- 9 || total
---------------------------+-------+-------+-------++-------
  Melee: Unarmed           |   133 |       |       ||   133
         Bite              |    33 |     8 |     7 ||    48
         Punch             |     3 |       |       ||     3
         Whip              |    71 |    11 |       ||    82
         Lajatang          |       |    94 |    71 ||   165
   Cast: Summon Small Mamm |    14 |       |       ||    14
         Call Imp          |     8 |     3 |    10 ||    21
         Call Canine Famil |       |     5 |    12 ||    17
         Summon Guardian G |       |     4 |     8 ||    12
    Use: Potion            |     1 |       |       ||     1
         Scroll            |       |     8 |       ||     8
   Stab: Sleeping          |     3 |     8 |     2 ||    13
         Distracted        |       |       |     1 ||     1
 Armour: Robe              |    25 |    21 |    18 ||    64
         Skin              |    20 |       |       ||    20
  Dodge: Dodged            |    83 |    88 |    71 ||   242

Table legend: (Time is in decaauts)
 A = Elapsed time spent in this place.
 B = Non-inter-level travel time spent in this place.
 C = Inter-level travel time spent in this place.
 D = Time resting spent in this place.
 E = Time spent auto-exploring this place.
 F = Levels seen in this place.
 G = Mean time per level.
                   A        B        C        D        E       F      G
               +--------+--------+--------+--------+--------+-----+--------+
         Total |   6277 |   5810 |    467 |      0 |   2901 |   8 |  784.6 |
       Dungeon |   6158 |   5691 |    467 |      0 |   2861 |   7 |  879.7 |
        Temple |    118 |    118 |      0 |      0 |     40 |   1 |  118.0 |
               +--------+--------+--------+--------+--------+-----+--------+

Top non-repeatable levels by time:
     D:6: 1490 daAuts
     D:4: 1178 daAuts
     D:5: 1096 daAuts
     D:1: 958 daAuts
     D:2: 912 daAuts
     D:3: 513 daAuts
  Temple: 118 daAuts
     D:7: 10 daAuts
